 Dungeon Crawl Stone Soup version 0.27.1-3-gb3d3a73c9e (webtiles) character file.

Game seed: 17025141303671716541

400 CuBeRJAN3 the Magician (level 6, -3/36 HPs)
             Began as a Deep Elf Fire Elementalist on Oct 6, 2021.
             Slain by a bullfrog (7 damage)
             ... on level 5 of the Dungeon.
             The game lasted 00:17:37 (5691 turns).

CuBeRJAN3 the Magician (Deep Elf Fire Elementalist) Turns: 5691, Time: 00:17:38

Health: -3/36      AC:  4    Str:  5    XL:     6   Next: 54%
Magic:  24/24      EV: 12    Int: 25    God:
Gold:   263        SH:  0    Dex: 15    Spells: 4/15 levels left

rFire    . . .     SeeInvis .   k - +0 dagger (venom)
rCold    . . .     Faith    .   (no shield)
rNeg     . . .     Spirit   .   a - +0 robe
rPois    .         Reflect  .   d - +1 helmet {Int+3}
rElec    .         Harm     .   e - scarf {repulsion}
rCorr    .         Rampage  .   (no gloves)
Will     .....                  (no boots)
Stlth    ++........             q - amulet of magic regeneration
HPRegen  0.12/turn              o - ring of magical power
MPRegen  0.44/turn              n - ring of flight

@: flying, repel missiles
A: no striking features
a: no special abilities


You were on level 5 of the Dungeon.
You visited 1 branch of the dungeon, and saw 5 of its levels.

You collected 263 gold pieces.

Inventory:

Hand Weapons
 k - a +0 dagger of venom (weapon)
Armour
 a - a +0 robe (worn)
 d - a +1 helmet of intelligence (worn)
 e - a scarf of repulsion (worn)
 h - a +2 ring mail of cold resistance
Jewellery
 c - a +4 ring of slaying
 n - a ring of flight (right hand)
 o - a ring of magical power (left hand)
 q - an amulet of magic regeneration (around neck)
Wands
 i - a wand of digging (6)
Scrolls
 f - a scroll of noise
 s - a scroll of identify
Potions
 b - a potion of ambrosia {unknown}
 g - a potion of mutation
 j - a potion of degeneration
 l - a potion of curing {unknown}
 m - a potion of brilliance {unknown}
 p - a potion of flight {unknown}
 r - a potion of attraction {unknown}


   Skills:
 * Level 2.3 Fighting
 - Level 2.4 Dodging
 + Level 3.6 Stealth
 * Level 5.1 Spellcasting
 + Level 2.3 Conjurations
 + Level 2.6 Hexes
 * Level 2.2 Translocations
 + Level 4.1 Fire Magic


You had 4 spell levels left.
You knew the following spells:

 Your Spells              Type           Power      Damage    Failure   Level
a - Foxfire               Conj/Fire      88%        2x1d8     1%          1
b - Conjure Flame         Conj/Fire      22%        6-21      6%          3
c - Inner Flame           Hex/Fire       23%        N/A       6%          3
d - Iskenderun's Mystic   Conj/Tloc      18%        2d6       30%         4

Your spell library contained the following spells:

 Spells                   Type           Power      Damage    Failure   Level
 Corona                   Hex            21%        N/A       2%          1
 Apportation              Tloc           34%        N/A       3%          1
 Animate Skeleton         Necr           12%        N/A       9%          1
 Summon Small Mammal      Summ           24%        N/A       9%          1
 Dazzling Flash           Conj/Hex       38%        N/A       9%          3
 Sticky Flame             Conj/Fire      22%        2d4       21%         4
 Fireball                 Conj/Fire      11%        3d7       50%         5
 Starburst                Conj/Fire      11%        6d5       97%         6


Dungeon Overview and Level Annotations

Branches:
Dungeon (5/15)
 Temple: D:4-7

Altars:
Cheibriados
Dithmenos
Fedhas
Wu Jian
Yredelemnul
Zin
The Shining One

Shops:
D:2 :   D:3 *

Annotations:
D:2 book shop
D:3 2 transporters, 1 runed translucent door, Crazy Yiuf; Elvor's ghost, amateur DECj
D:4 exclusion: necrophage
D:5 exclusion: ogre


Message History

You feel sick.
You feel sick. The adder misses you.
You feel sick.
You are no longer poisoned.
The adder barely misses you.
You see here an iguana skeleton.
The adder bites you. The adder bites you. The adder misses you.
The adder closely misses you. The adder closely misses you.
The bullfrog barely misses you. The adder barely misses you.
The bullfrog hits you. The bullfrog hits you. The adder bites you.
The bullfrog barely misses you. The bullfrog barely misses you.
The bullfrog barely misses you.
The bullfrog hits you but does no damage.
The bullfrog hits you but does no damage.
The bullfrog hits you but does no damage.
The bullfrog hits you.
The bullfrog hits you but does no damage.
The bullfrog hits you but does no damage.
The bullfrog barely misses you. The bullfrog hits you.
The bullfrog barely misses you. The bullfrog barely misses you.
The bullfrog barely misses you. The bullfrog hits you.
The adder closely misses you. The bullfrog hits you. The bullfrog hits you.
* * * LOW HITPOINT WARNING * * *
The bullfrog closely misses you. The bullfrog hits you!
* * * LOW HITPOINT WARNING * * *
The bullfrog misses you. The bullfrog hits you!
You die...

##.# #.# #.#
#.######### #.#
#.##..O.... #.#
#.##.#####) #.#
#.##.# #. #.#
###.##.### #.
#.# #........#
#.
#@####......#.#
#.
#.FS........#.#
#.
######......#.#
#.
#......#.###.
###.##.......
#.####.....
#..........
###########


You could see a bullfrog and an adder.

Vanquished Creatures
  A black bear (D:5)
  A jelly (D:4)
  A centaur skeleton (D:4)
  2 orc priests
  2 iguanas (D:5)
  An orc wizard (D:4)
  A hound skeleton (D:4)
  An adder (D:5)
  A river rat (D:4)
  4 worms
  A dart slug (D:4)
  13 orcs
  5 ball pythons
  5 endoplasms
  A giant cockroach (D:4)
  4 hobgoblins
  A quokka (D:2)
  3 bats
  5 frilled lizards
  5 goblins
  4 kobolds
  8 rats
70 creatures vanquished.

Vanquished Creatures (others)
  228 foxfires
  3 plants (D:3)
231 creatures vanquished.

Grand Total: 301 creatures vanquished

Notes
Turn   | Place    | Note
-------+----------+-------------------------------------------
     0 | D:1      | CuBeRJAN3 the Deep Elf Fire Elementalist began the quest
                  | for the Orb.
     0 | D:1      | Reached XP level 1. HP: 10/10 MP: 6/6
   159 | D:1      | Reached XP level 2. HP: 16/16 MP: 4/8
   632 | D:2      | Reached skill level 1 in Hexes
  1188 | D:2      | Found a faded altar of an unknown god.
  1268 | D:2      | Found Qemumpal's Book Shop.
  1399 | D:3      | Reached XP level 3. HP: 20/20 MP: 8/10
  1412 | D:3      | Learned a level 3 spell: Conjure Flame
  1416 | D:3      | Learned a level 3 spell: Inner Flame
  1454 | D:3      | Found a transporter.
  1455 | D:3      | Noticed Elvor's ghost (amateur DECj)
  1480 | D:3      | Found a transporter.
  1922 | D:3      | Found Zuololye's Assorted Antiques.
  2357 | D:3      | Found a runed translucent door.
  2358 | D:3      | Noticed Crazy Yiuf
  2642 | D:3      | Found a basalt altar of Yredelemnul.
  2646 | D:3      | Found an ornate altar of the Wu Jian Council.
  2650 | D:3      | Found a glowing silver altar of Zin.
  2820 | D:3      | Identified a scroll of acquirement
  2820 | D:3      | Acquired a +1 helmet of intelligence
  3004 | D:4      | Reached skill level 1 in Fighting
  3017 | D:3      | Reached skill level 4 in Spellcasting
  3017 | D:3      | Reached XP level 4. HP: 17/25 MP: 12/12
  3118 | D:3      | Learned a level 4 spell: Iskenderun's Mystic Blast
  3536 | D:4      | Reached skill level 1 in Translocations
  3536 | D:4      | Reached XP level 5. HP: 20/29 MP: 13/13
  3705 | D:4      | Found a glowing golden altar of the Shining One.
  3937 | D:4      | Found a snail-covered altar of Cheibriados.
  4599 | D:4      | Found a shadowy altar of Dithmenos.
  4651 | D:4      | Noticed a necrophage
  4802 | D:4      | Found a blossoming altar of Fedhas.
  5065 | D:5      | Entered Level 5 of the Dungeon
  5075 | D:5      | Noticed a water moccasin
  5165 | D:5      | Noticed an ogre
  5241 | D:5      | Noticed a black bear
  5254 | D:5      | Reached XP level 6. HP: 35/35 MP: 15/15
  5264 | D:5      | Reached skill level 5 in Spellcasting
  5319 | D:5      | HP: 1/35 [iguana (7)]
  5691 | D:5      | Slain by a bullfrog

Illustrated notes

Levels and vault maps discovered:
D:1:      minmay_arrival_wavy_path, layout_rooms
D:2:      layout_rooms, shapermc_ecumenical_altar_pompeii, serial_shops,
          nicolae_shop_behind_doors, serial_bayou_crossing
D:3:      layout_basic, grunt_temple_overflow_diamond, serial_shops,
          nicolae_shop_overgrown_old_shop, gammafunk_ghost_arena,
          amcnicky_mini_corridor_feature, chequers_serial_rivers_small_3,
          uniq_crazy_yiuf_cottage
D:4:      layout_loops_cross, kennysheep_slug_shrine, grunt_dithmenos_smoke,
          mainiacjoe_overflow_boulevard, mainiacjoe_overflow_alcove_4,
          portal_sewer_entry_b, uniq_pikel
D:5:      layout_loops_ring, cheibrodos_ashenzari_chains, temple_hall,
          serial_shops, kennysheep_little_box, chequers_serial_rivers_room_b,
          grunt_ministairs_2

Skill      XL: |  1  2  3  4  5  6 |
---------------+-------------------+-----
Hexes          | 1 2 |  2.6
Fighting       | 1 2 |  2.3
Stealth        | 3 |  3.6
Spellcasting   | 4 5 |  5.1
Translocations | 1 2 |  2.2
Conjurations   | 2 |  2.3
Fire Magic     | 4 |  4.1
Dodging        | |  2.4

Action                   |  1- 3 |  4- 6 || total
-------------------------+-------+-------++-------
Melee: Dagger            |       |    11 ||    11
 Cast: Foxfire           |    64 |    78 ||   142
       Conjure Flame     |     1 |     2 ||     3
       Inner Flame       |       |     2 ||     2
  Use: Scroll            |     5 |     1 ||     6
 Stab: Distracted        |       |     1 ||     1
Armor: Robe              |     1 |    17 ||    18
Dodge: Dodged            |     4 |    63 ||    67
       Repelled          |       |     1 ||     1
